 Dungeon Crawl Stone Soup version 0.18.1-50-g88ac8fd (webtiles) character file.

96 ololoev the Chopper (level 4, -2/37 HPs)
             Began as a Demonspawn Berserker on Oct 28, 2016.
             Was a Follower of Trog.
             Slain by an orc
             ... wielding a +0 flail
              (10 damage)
             ... on level 4 of the Dungeon.
             The game lasted 00:01:58 (291 turns).

ololoev the Chopper (Demonspawn Berserker)           Turns: 291, Time: 00:01:58

Health: -2/37      AC:  3    Str: 18    XL:     4   Next: 41%
Magic:  4/4        EV: 12    Int: 14    God:    Trog [*.....]
Gold:   20         SH:  0    Dex: 12    Spells: 0 memorised, 3 levels left

rFire  . . .     SeeInvis .     a - +0 hand axe
rCold  + . .     Gourm    .     b - +0 animal skin
rNeg   . . .     Faith    .     (no shield)
rPois  .         Spirit   .     (helmet restricted)
rElec  .         Dismiss  .     (no cloak)
rCorr  .         Reflect  .     d - +0 pair of gloves (curse)
SustAt .         Harm     .     (no boots)
MR     .....                    (no amulet)
Stlth  +.........               (no ring)
                                i - ring of protection from cold

@: brilliant, exhausted, not resistant to hostile enchantments, very unstealthy
A: antennae 1, demonic guardian 1
a: Berserk, Burn Spellbooks, Renounce Religion


Innate Abilities, Weirdness & Mutations

You have a pair of small antennae on your head.
A weak demonic guardian rushes to your aid.

Inventory:

Hand Weapons
 a - a +0 hand axe (weapon)
Armour
 b - a +0 animal skin (worn)
 d - a cursed +0 pair of gloves (worn)
Jewellery
 i - a ring of protection from cold (left hand)
Scrolls
 e - a scroll of teleportation {unknown}
 f - a scroll of noise {unknown}
 g - 3 scrolls of identify {unknown}
 h - a scroll of random uselessness {unknown}
Comestibles
 c - 2 bread rations
 k - 5 chunks of flesh


   Skills:
 + Level 3.7 Fighting
 * Level 3.8 Axes
 + Level 2.6 Armour
 - Level 1.7 Dodging


You had 3 spell levels left.
You didn't know any spells.


You were on level 4 of the Dungeon.
You worshipped Trog.
Trog was aware of your devotion.
You were not hungry.

You visited 1 branch of the dungeon, and saw 4 of its levels.

You collected 20 gold pieces.

######....#
#####..........###
#.................
#................. .
#.................
..#####.................
.......##'########'###'#
.....oo#...........#...#
......o@5..........#...#
......o#...........#...'
#+######...........#...#
+............#...#
##...######.###### #####
### #

Notes
Turn   | Place    | Note
--------------------------------------------------------------
     0 | D:1      | ololoev the Demonspawn Berserker began the quest for the Orb.
     0 | D:1      | Reached XP level 1. HP: 18/18 MP: 1/1
    71 | D:1      | Gained mutation: You have a pair of small antennae on your head. [demonic ancestry]
    71 | D:1      | Reached XP level 2. HP: 10/24 MP: 2/2
   127 | D:2      | Found a bloodstained altar of Trog.
   146 | D:3      | Found a blossoming altar of Fedhas.
   248 | D:4      | Noticed an ogre
   253 | D:4      | Killed an ogre
   253 | D:4      | Reached XP level 3. HP: 23/30 MP: 3/3
   253 | D:4      | Gained mutation: A weak demonic guardian rushes to your aid. [demonic ancestry]
   253 | D:4      | Reached XP level 4. HP: 28/37 MP: 4/4
   291 | D:4      | Slain by an orc

Dungeon Overview and Level Annotations

Branches:
Dungeon (4/15)
 Temple: D:4-7

Altars:
Fedhas
Trog


Message History

You hit the hobgoblin.
You kill the hobgoblin!
Trog accepts your kill.
Things that are here:
a club; a hobgoblin corpse
There is a stone staircase leading down here.
You climb downwards.
There is a stone staircase leading up here.
There is a stone staircase leading down here.
You climb downwards.
There is a stone staircase leading up here.
You open the door.
Found a coppery potion.
Found a short sword.
There is an open door here.
j - a coppery potion You open the door.
There is an open door here.
You open the door.
Found 10 gold pieces.
There is an open door here.
You now have 20 gold pieces (gained 10).
You open the door.
An ogre comes into view. It is wielding a giant club.
The ogre shouts!
There is an open door here.
Use which ability? (? or * to list)
A red film seems to cover your vision as you go berserk!
You feel yourself moving faster!
You feel mighty!
You feel quite a bit more hungry.
You slash the ogre!
The ogre is heavily wounded.
You slash the ogre!
The ogre is almost dead.
The ogre closely misses you.
You slash the ogre!
You kill the ogre!
Trog accepts your kill.
You have reached level 3!
Your experience leads to an increase in your attributes!
Your base attributes are Str 17, Int 8, Dex 12.
Increase (S)trength, (I)ntelligence, or (D)exterity?
You feel stronger.
You have reached level 4!
You feel clever.
Your demonic ancestry asserts itself...
You feel the presence of a demonic guardian.
Things that are here:
a giant club; an ogre corpse You butcher the ogre corpse.
You enjoyed that.
k - 5 chunks of flesh You see here a giant club.
You feel a strong urge to attack something.
You are no longer berserk.
You are exhausted.
You feel yourself slow down.
You open the door.
There is an open door here.
You open the door.
There is an open door here.
You open the door.
There is an open door here.
You open the door.
There is an open door here.
You feel yourself speed up.
You open the door.
An orc and an orc wizard come into view.
The orc shouts!
The orc wizard shouts!
You hear a shout!
The orc moves out of view.
The orc wizard looks braver for a moment.
An orc comes into view. It is wielding a flail.
An orc priest comes into view. It is wielding a club.
The orc closely misses you.
The orc priest mumbles some strange prayers to Beogh against you.
Beogh smites you! The orc wizard hits you with a dagger.
There is an open door here.
Drink which item? (? for menu, Esc to quit)
It was a potion of brilliance.
You feel clever all of a sudden. The orc hits you.
The orc hits you with a flail!
You die...

You could see an orc priest, an orc wizard, 2 orcs and a friendly crimson imp.

Vanquished Creatures
  An ogre (D:4)
  A bat (D:3)
  A giant cockroach (D:1)
  2 goblins (D:1)
  6 hobgoblins
  2 kobolds (D:1)
  2 giant newts (D:1)
  A rat (D:1)
16 creatures vanquished.

Action                   |  1- 3 |  4- 6 || total
-------------------------+-------+-------++-------
Melee: Hand axe          |    41 |       ||    41
Invok: Berserk           |     1 |       ||     1
  Use: Potion            |       |     1 ||     1
 Stab: Sleeping          |     1 |       ||     1
Armor: Animal skin       |     6 |       ||     6
Dodge: Dodged            |    20 |     1 ||    21

Vault maps used:
D:1:      dpeg_arrival_shrine
D:2:      lemuel_crystal_altar
D:3:      lemuel_crystal_altar, grunt_temple_overflow_diamond,
          ecumenical_altar_2, uniq_sigmund, uniq_jessica
D:4:      kiku_gazebo_garden_becter, uniq_edmund
